 Dungeon Crawl Stone Soup version 0.29-a0-834-g1e95ca9f62 (webtiles) character file.

Game seed: 3813915026721729364

4347 RevDB the Nimble (level 10, -4/50 HPs)
             Began as a Deep Elf Conjurer on July 11, 2022.
             Was a Follower of Sif Muna.
             Slain by a two-headed ogre
             ... wielding a +0 giant club
              (23 damage)
             ... on level 9 of the Dungeon on July 12, 2022.
             The game lasted 01:34:36 (7965 turns).

RevDB the Nimble (Deep Elf Conjurer)                Turns: 7965, Time: 01:34:36

Health: -4/50      AC:  6    Str:  4    XL:     10   Next: 12%
Magic:  3/25       EV: 21    Int: 28    God:    Sif Muna [*.....]
Gold:   408        SH:  0    Dex: 13    Spells: 12/27 levels left

rFire   . . .      SeeInvis .   Q - staff of conjuration
rCold   . . .      Faith    .   (no shield)
rNeg    . . .      Spirit   .   a - +0 robe
rPois   .          Reflect  .   i - +2 hat
rElec   .          Harm     .   z - +0 cloak
rCorr   .          Rampage  .   (no gloves)
Will    +....                   l - +0 pair of boots
Stlth   ++........              (no amulet)
HPRegen 0.16/turn               H - +4 ring of evasion
MPRegen 0.19/turn               (no ring)

@: no status effects
A: no striking features
a: Renounce Religion, Channel Magic


You were on level 9 of the Dungeon.
You worshipped Sif Muna.
Sif Muna was aware of your devotion.
You visited 2 branches of the dungeon, and saw 10 of its levels.
You also visited: Sewer.

You collected 408 gold pieces.

Inventory:

Hand Weapons
 g - a +0 dagger
 s - a +4 short sword of freezing
 y - a +3 quarterstaff of chaos
 M - a +4 great sword
Missiles
 K - 2 throwing nets
Armour
 a - a +0 robe (worn)
 i - a +2 hat (worn)
 l - a +0 pair of boots (worn)
 p - a +0 buckler
 z - a +0 cloak (worn)
 D - a +4 ring mail of cold resistance
 N - the +7 chain mail "Hash" {Slay+3 Stlth+}
   (You found it on level 7 of the Dungeon)

   Slay:      It affects your accuracy & damage with ranged weapons and melee
   (+3).
   Stlth:     It makes you more stealthy.
Magical Staves
 Q - a staff of conjuration (weapon)
Jewellery
 H - a +4 ring of evasion (left hand)
 L - a +6 ring of intelligence
 O - a +6 ring of dexterity
 R - a ring of positive energy
Wands
 r - a wand of paralysis (15)
 w - a wand of quicksilver (4)
 B - a wand of polymorph (5)
 C - a wand of flame (19)
 E - a wand of iceblast (4)
Scrolls
 c - 2 scrolls of amnesia
 f - 2 scrolls of poison
 j - a scroll of enchant weapon {unknown}
 k - 3 scrolls of brand weapon
 n - a scroll of enchant armour {unknown}
 q - 2 scrolls of noise
 t - 3 scrolls of vulnerability {unknown}
 x - a scroll of blinking {unknown}
 A - 2 scrolls of immolation {unknown}
 G - a scroll of magic mapping {unknown}
 P - a scroll of torment {unknown}
Potions
 b - a potion of magic
 d - 3 potions of flight {unknown}
 e - 8 potions of curing
 h - a potion of haste {unknown}
 m - 2 potions of resistance {unknown}
 o - 3 potions of brilliance {unknown}
 u - 3 potions of heal wounds
 v - 2 potions of lignification {unknown}
 F - 3 potions of berserk rage {unknown}
 I - 5 potions of degeneration {unknown}
 J - a potion of might {unknown}


   Skills:
 + Level 11.2 Dodging
 - Level 3.0 Stealth
 - Level 9.0 Spellcasting
 - Level 7.0 Conjurations
 - Level 8.0 Hexes
 - Level 5.0 Translocations
 - Level 1.0 Invocations
 - Level 2.0 Evocations


You had 12 spell levels left.
You knew the following spells:

 Your Spells              Type           Power      Damage    Failure   Level
a - Magic Dart            Conj           100%       1d8       1%          1
b - Dazzling Flash        Conj/Hex       100%       N/A       1%          3
c - Searing Ray           Conj           100%       2d8       1%          2
d - Slow                  Hex            100%       N/A       1%          1
e - Iskenderun's Mystic   Conj/Tloc      62%        2d13      3%          4
f - Fulminant Prism       Conj/Hex       34%        3d16      1%          4

Your spell library contained the following spells:

 Spells                   Type           Power      Damage    Failure   Level
 Confusing Touch          Hex            55%        N/A       1%          3
 Portal Projectile        Hex/Tloc       98%        N/A       1%          3
 Leda's Liquefaction      Hex/Erth       17%        N/A       9%          4
 Call Canine Familiar     Summ           12%        N/A       13%         3
 Vampiric Draining        Necr           12%        2d6       13%         3
 Animate Dead             Necr           12%        N/A       41%         4
 Borgnjor's Vile Clutch   Necr/Erth      6%         N/A       77%         5
 Death Channel            Necr           6%         N/A       100%        6


Dungeon Overview and Level Annotations

Branches:
Dungeon (9/15)             Temple (1/1) D:6           Sewer (visited)
   Lair: D:8-11         Orc: D:9-12

Altars:
Cheibriados
Hepliaklqana
Makhleb
Nemelex Xobeh
Qazlal
Ru
Sif Muna
Uskayaw
Vehumet
Wu Jian
Yredelemnul

Shops:
D:1 =

Annotations:
D:8 3 transporters


Message History

The acid dragon is severely wounded.
You finish channelling your searing ray.
The yak barely misses you.
Casting: Searing Ray (safe; 1% risk of failure)
Confirm with . or Enter, or press ? or * to list all spells.
Aiming: Searing Ray (safe; 1% risk of failure)
Press: ? - help, Shift-Dir - straight line
Okay, then.
Casting: Searing Ray (safe; 1% risk of failure)
Confirm with . or Enter, or press ? or * to list all spells.
You feel a surge of power!
You erupt in a blast of force!
The mystic blast hits the acid dragon but does no damage.
The acid dragon is severely wounded.
The mystic blast hits the yak!
You kill the yak!
Sif Muna accepts your kill.
You hear a shout! x2
Casting: Iskenderun's Mystic Blast (dangerous; 3% risk of failure)
Confirm with . or Enter, or press ? or * to list all spells.
You feel a surge of power!
You erupt in a blast of force!
The mystic blast hits the acid dragon but does no damage.
The acid dragon is severely wounded.
You hear two shouts!
The acid dragon barely misses you. The acid dragon misses you.
You hear a shout!
Casting: Iskenderun's Mystic Blast (dangerous; 3% risk of failure)
Confirm with . or Enter, or press ? or * to list all spells.
Aiming: Slow (safe; 1% risk of failure)
Press: ? - help, Shift-Dir - straight line, f - acid dragon
Aim: an acid dragon (severely wounded, chance to affect: 64%)
The acid dragon seems to slow down.
A two-headed ogre and an orc come into view.
The two-headed ogre hits you with a +0 giant club!
The two-headed ogre completely misses you.
The acid dragon spits acid at you. The splash of acid misses you.
You hear a shout!
You see here a yak corpse.
The two-headed ogre hits you with a +0 giant club!!
You die...

....#...#.#...#...
#...###...###....
# #.....#.#.......
....#..D#†#.......
........#.#.......
.......#o..#......
..................
........O†........
.........@........
.........<........
................$.
..................
.................
................
................
................
..#........#...


You could see a two-headed ogre, an acid dragon (slow) and an orc.

Vanquished Creatures
  10 yaks
  Sigmund (D:4)
  A water moccasin (D:7)
  Pargi (Sewer)
  A black bear (D:6)
  An ice beast (D:7)
  An ogre (D:7)
  A sky beast (D:8)
  2 centaurs
  A kobold brigand (D:6)
  3 phantoms
  5 bullfrogs
  A necrophage (D:7)
  2 gnoll sergeants (D:6)
  A scorpion (D:6)
  7 wights
  A howler monkey (D:8)
  3 jellies
  4 hounds
  Crazy Yiuf (D:4)
  An orc priest (D:5)
  A gnoll bouda (D:8)
  Jessica (D:2)
  Ijyb (D:5)
  An iguana (D:6)
  An orc wizard (D:5)
  19 gnolls
  A river rat (D:4)
  7 adders
  3 shadow imps
  2 white imps (D:7)
  3 worms
  3 dart slugs
  12 orcs
  5 bats
  8 endoplasms
  5 giant cockroaches
  4 goblins
  2 hobgoblins (D:1)
  2 quokkas (D:4)
  7 ball pythons
  4 frilled lizards
  14 kobolds
  22 rats
  A butterfly (D:6)
178 creatures vanquished.

Vanquished Creatures (others)
  26 fulminant prisms
  A fungus (D:4)
  15 plants (D:3)
42 creatures vanquished.

Grand Total: 220 creatures vanquished

Notes
Turn   | Place    | Note
-------+----------+-------------------------------------------
     0 | D:1      | RevDB the Deep Elf Conjurer began the quest for the Orb.
     0 | D:1      | Reached XP level 1. HP: 10/10 MP: 6/6
   197 | D:1      | Reached XP level 2. HP: 15/15 MP: 4/8
   234 | D:1      | Found a faded altar of an unknown god.
   295 | D:1      | Reached skill level 5 in Conjurations
   423 | D:1      | Reached skill level 3 in Dodging
   425 | D:1      | Found Heup's Jewellery Shoppe.
   475 | D:2      | Noticed Jessica
   487 | D:2      | Killed Jessica
   488 | D:2      | Reached XP level 3. HP: 16/19 MP: 0/10
   802 | D:3      | Learned a level 3 spell: Dazzling Flash
   805 | D:3      | Learned a level 2 spell: Searing Ray
   948 | D:3      | Reached skill level 1 in Hexes
   948 | D:3      | Reached XP level 4. HP: 24/24 MP: 8/12
   974 | D:3      | Reached skill level 5 in Spellcasting
  1630 | D:4      | Reached XP level 5. HP: 19/28 MP: 3/14
  1679 | D:4      | Noticed Sigmund
  1717 | D:4      | Found a sacrificial altar of Ru.
  1768 | D:4      | Noticed a phantom
  1777 | D:4      | Killed a phantom
  1778 | D:4      | Reached skill level 4 in Dodging
  1887 | D:4      | Found a glowing drain.
  1922 | Sewer    | Entered a sewer
  2006 | Sewer    | Learned a level 1 spell: Slow
  2078 | Sewer    | Noticed Pargi
  2088 | Sewer    | Killed Pargi
  2089 | Sewer    | Reached XP level 6. HP: 29/32 MP: 3/18
  2633 | D:4      | Found a runed translucent door.
  2634 | D:4      | Noticed Crazy Yiuf
  2643 | D:4      | Killed Crazy Yiuf
  2680 | D:4      | Learned a level 4 spell: Iskenderun's Mystic Blast
  2826 | D:4      | Killed Sigmund
  2827 | D:4      | Reached XP level 7. HP: 36/36 MP: 12/20
  3254 | D:5      | Entered Level 5 of the Dungeon
  3369 | D:5      | Reached skill level 5 in Dodging
  3382 | D:5      | Noticed Ijyb
  3619 | D:5      | Killed Ijyb
  3716 | D:5      | Reached skill level 5 in Hexes
  3736 | D:5      | Reached XP level 8. HP: 16/41 MP: 5/22
  3985 | D:5      | Learned a level 4 spell: Fulminant Prism
  4504 | D:6      | Reached skill level 6 in Dodging
  4514 | D:6      | Found a staircase to the Ecumenical Temple.
  4522 | D:6      | Found a snail-covered altar of Cheibriados.
  4524 | Temple   | Entered the Ecumenical Temple
  4539 | Temple   | Became a worshipper of Sif Muna the Loreminder
  4662 | D:6      | Reached skill level 7 in Dodging
  5803 | D:7      | Reached skill level 8 in Dodging
  5803 | D:7      | Reached XP level 9. HP: 45/45 MP: 10/23
  6349 | D:7      | Identified the +7 chain mail "Hash" {Slay+3 Stlth+}
  6775 | D:7      | Found a hide-covered altar of Uskayaw.
  6775 | D:7      | Found a faded altar of an unknown god.
  6780 | D:7      | Found a sparkling altar of Nemelex Xobeh.
  6782 | D:7      | Found a stormy altar of Qazlal.
  6784 | D:7      | Found a faded altar of an unknown god.
  6947 | D:8      | Reached * piety under Sif Muna
  7235 | D:8      | Reached skill level 9 in Dodging
  7378 | D:8      | Found a transporter.
  7379 | D:8      | Found a transporter.
  7381 | D:8      | Found a transporter.
  7385 | D:8      | Found a transporter.
  7444 | D:8      | Upgraded the game from 0.29-a0-830-gcb1280458a to
                  | 0.29-a0-834-g1e95ca9f62
  7551 | D:8      | Reached skill level 10 in Dodging
  7551 | D:8      | Reached skill level 1 in Invocations
  7551 | D:8      | Reached skill level 5 in Translocations
  7941 | D:9      | Reached skill level 1 in Evocations
  7944 | D:9      | Reached XP level 10. HP: 42/50 MP: 13/25
  7945 | D:9      | Reached skill level 11 in Dodging
  7958 | D:9      | Noticed a two-headed ogre
  7965 | D:9      | Slain by a two-headed ogre

Illustrated notes

Levels and vault maps discovered:
D:1:      psy_arrival_dodecagon, layout_rooms, serial_shops,
          nicolae_square_shop, chequers_ecumenical_altar_island
D:2:      layout_rooms, uniq_jessica
D:3:      layout_loops_cross, serial_bayou, serial_bayou_shore_a,
          serial_bayou_crossing, serial_bayou_lagoon_a, serial_bayou_pond_d,
          serial_bayou_shore_b
D:4:      layout_basic, kennysheep_mini_moat, gup_sewer_entry_bubbles,
          kennysheep_small_spiral, minmay_rat_hole, uniq_sigmund,
          uniq_crazy_yiuf_cottage
D:5:      layout_loops_cross, uniq_ijyb
D:6:      layout_loops_ring, overflow_temple_1_default,
          minmay_temple_entry_butterflies, minmay_tree_intersection,
          dk_noncrumbling_4
D:7:      layout_basic, chequers_temple_overflow_minitemple,
          kennysheep_generic_room_6
D:8:      layout_basic, nicolae_diode_quadrants
D:9:      cheibrodos_shockbox, layout_cross, grunt_temple_overflow_open,
          erik_lair_island, nicolae_titane
Temple:   chequers_temple_sunken

Skill      XL: |  1  2  3  4  5  6  7  8  9 10 |
---------------+-------------------------------+-----
Conjurations   | 5 6 7 |  7.0
Dodging        | 3 4 5 8 10 11 | 11.2
Spellcasting   | 4 5 7 8 9 |  9.0
Hexes          | 1 3 5 6 8 |  8.0
Translocations | 2 3 4 5 |  5.0
Stealth        | 3 |  3.0
Invocations    | 1 |  1.0
Evocations     | 1 2 |  2.0

Action                   |  1- 3 |  4- 6 |  7- 9 | 10-12 || total
-------------------------+-------+-------+-------+-------++-------
Melee: Dagger            |     3 |    49 |       |       ||    52
       Short sword       |       |    18 |    70 |       ||    88
       Punch             |       |       |     1 |       ||     1
       Staff             |       |       |       |     6 ||     6
 Cast: Magic Dart        |    45 |    10 |    91 |       ||   146
       Searing Ray       |     2 |    23 |    38 |     1 ||    64
       Dazzling Flash    |       |     5 |     7 |       ||    12
       Slow              |       |     2 |    27 |     1 ||    30
       Iskenderun's Myst |       |       |    10 |     2 ||    12
       Fulminant Prism   |       |       |    26 |       ||    26
  Use: Scroll            |       |     3 |     2 |       ||     5
 Stab: Sleeping          |     1 |     6 |       |       ||     7
       Invisible         |       |     2 |     1 |       ||     3
Armor: Robe              |       |    20 |    23 |       ||    43
Dodge: Dodged            |     1 |    57 |   103 |    14 ||   175
Block: Buckler           |       |    16 |       |       ||    16

Table legend: (Time is in decaauts)
 A = Elapsed time spent in this place.
 B = Non-inter-level travel time spent in this place.
 C = Inter-level travel time spent in this place.
 D = Time resting spent in this place.
 E = Time spent auto-exploring this place.
 F = Levels seen in this place.
 G = Mean time per level.
                   A        B        C        D        E       F      G
               +--------+--------+--------+--------+--------+-----+--------+
         Total |   8061 |   7881 |    180 |   1716 |   1648 |  11 |  732.8 |
       Dungeon |   7706 |   7526 |    180 |   1564 |   1648 |   9 |  856.2 |
        Temple |     34 |     34 |      0 |      0 |      0 |   1 |   34.0 |
         Sewer |    320 |    320 |      0 |    152 |      0 |   1 |  320.0 |
               +--------+--------+--------+--------+--------+-----+--------+

Top non-repeatable levels by time:
     D:6: 1493 daAuts
     D:7: 1401 daAuts
     D:4: 1351 daAuts
     D:8: 1036 daAuts
     D:3: 878 daAuts
     D:5: 725 daAuts
     D:1: 466 daAuts
   Sewer: 320 daAuts
     D:2: 316 daAuts
     D:9: 35 daAuts
  Temple: 34 daAuts
